AoeStats
← Schwachkopf

Arena

506862966Analyzed
4v4 RM · 17d ago on Sep 15, 2026· 45m 30s· 8 players
Game mode
Random Map
Map size
Large (8 player)
Population
200
Speed
Normal
Resources
Standard
Victory
Conquest
Starting age
Dark Age
Ending age
Imperial Age
RankedLock teamsTeams togetherTeam positionsShared explorationLock speedFull tech treeHidden civsTurbo modeCheats
Victory
Defeat
1313
+14
🇩🇪 Saracens · Germany
1281
+16
🇮🇳 Khmer · India
1277
+16
🇹🇷 Bohemians · Türkiye
1274
+16
🇨🇳 Khitans · China
1420
-20
🇨🇳 Persians · China
1407
-21
🇭🇰 Khmer · Hong Kong SAR China
1273
-15
🇩🇪 Teutons · Germany
996
-14
虫
10:06 Feudal Age
10:28 Feudal Age
11:07 Feudal Age
15:24 Castle Age
13:16 Double-Bit Axe
13:47 Horse Collar
14:58 Gold Mining
16:16 Bow Saw
16:08 Heavy Plow
20:37 Husbandry
20:48 Bloodlines
23:14 Scale Barding Armor
24:01 Forging
25:25 Chain Barding Armor
26:40 Iron Casting
27:01 Loom
29:36 Wheelbarrow
32:42 Imperial Age
31:28 Hand Cart
31:38 Town Watch
34:19 Gold Shaft Mining
33:34 Stone Mining
33:46 Town Patrol
33:50 Scale Mail Armor
33:22 Elite Skirmisher
36:03 Chemistry
36:19 Padded Archer Armor
36:10 Fletching
37:55 Conscription
39:11 Leather Archer Armor
38:51 Bodkin Arrow
39:36 Fortified Wall
39:47 Ballistics
41:25 Ring Archer Armor
40:55 Bracer
40:40 Light Cavalry
43:40 Plate Barding Armor
44:06 Blast Furnace
泼水爱好者
11:01 Feudal Age
14:38 Castle Age
12:52 Horse Collar
14:38 Double-Bit Axe
15:49 Bow Saw
16:09 Heavy Plow
20:46 Gold Mining
25:38 Wheelbarrow
24:49 Town Watch
29:16 Imperial Age
27:14 Scale Barding Armor
27:28 Stone Mining
28:17 Gold Shaft Mining
28:19 Hand Cart
27:31 Man-at-Arms
28:53 Stone Shaft Mining
28:41 Chain Barding Armor
28:56 Forging
29:35 Husbandry
29:45 Bloodlines
30:48 Two-Man Saw
30:43 Plate Barding Armor
30:37 Town Watch
30:39 Loom
31:32 Iron Casting
30:51 Elite War Elephant
31:52 Conscription
34:04 Blast Furnace
35:14 Fletching
41:08 Bodkin Arrow
41:24 Citadels
Schwachkopf
10:58 Feudal Age
14:51 Castle Age
13:23 Double-Bit Axe
14:57 Horse Collar
15:26 Loom
17:53 Bow Saw
17:45 Heavy Plow
17:46 Town Watch
20:55 Wheelbarrow
27:35 Imperial Age
26:05 Gold Mining
27:03 Fortified Wall
28:20 Ironclad
29:57 Chemistry
28:21 Capped Ram
32:01 Hand Cart
34:39 Scale Mail Armor
34:45 Fletching
34:27 Pikeman
35:07 Squires
34:53 Gambesons
35:54 Chain Mail Armor
36:03 Conscription
35:08 Halberdier
39:50 Plate Mail Armor
39:31 Forging
41:01 Masonry
king_of_tc_drop
10:46 Feudal Age
14:48 Castle Age
12:48 Domestication
13:18 Double-Bit Axe
15:47 Bow Saw
15:45 Pastoralism
22:18 Wheelbarrow
21:34 Gold Mining
27:06 Imperial Age
25:30 Hand Cart
25:09 Town Watch
25:10 Loom
25:38 Forging
26:57 Iron Casting
26:28 Scale Barding Armor
27:03 Husbandry
27:18 Elite Steppe Lancer
28:43 Chain Barding Armor
28:58 Ordo Cavalry
30:20 Plate Barding Armor
31:57 Two-Man Saw
31:33 Transhumance
37:19 Fletching
37:29 Padded Archer Armor
38:07 Ballistics
38:48 Chemistry
37:44 Heavy Cavalry Archer
38:30 Thumb Ring
39:00 Parthian Tactics
39:29 Coinage
38:58 Bodkin Arrow
39:19 Leather Archer Armor
moneyfusion06
12:04 Feudal Age
14:51 Castle Age
12:49 Double-Bit Axe
13:25 Horse Collar
15:52 Bow Saw
15:53 Heavy Plow
16:47 Wheelbarrow
19:33 Loom
21:00 Town Watch
21:56 Hand Cart
24:05 Gold Mining
28:44 Imperial Age
27:01 Scale Barding Armor
27:08 Bloodlines
27:22 Husbandry
27:22 Town Watch
28:01 Hand Cart
28:10 Chain Barding Armor
28:41 Forging
30:11 Plate Barding Armor
30:37 Iron Casting
31:34 Iron Casting
31:09 Elite Battle Elephant
32:17 Fortified Wall
33:24 Stone Mining
33:50 Tusk Swords
35:47 Masonry
35:59 Ballistics
36:46 Blast Furnace
39:05 Fletching
40:14 Hoardings
40:19 Architecture
41:00 Double Crossbow
Szorinx
10:46 Feudal Age
14:53 Castle Age
13:03 Horse Collar
16:34 Double-Bit Axe
17:25 Bow Saw
20:38 Wheelbarrow
22:27 Hand Cart
22:29 Heavy Plow
23:12 Gold Mining
23:12 Stone Mining
23:46 Loom
23:47 Town Watch
30:25 Imperial Age
28:41 Gold Shaft Mining
28:29 Forging
28:24 Scale Barding Armor
28:59 Bloodlines
30:15 Iron Casting
30:21 Chain Barding Armor
31:18 Elite Mameluke
32:19 Conscription
32:11 Husbandry
31:35 Heavy Camel Rider
32:52 Plate Barding Armor
33:17 Blast Furnace
33:05 Light Cavalry
34:03 Masonry
33:52 Fletching
34:34 Ballistics
35:32 Hussar
36:39 Bodkin Arrow
39:19 Caravan
42:30 Hoardings
42:59 Chemistry
41:58 Murder Holes
42:04 Bracer
46:05 Coinage
你越呼救我就越兴奋
10:33 Feudal Age
11:53 Double-Bit Axe
14:36 Castle Age
12:49 Double-Bit Axe
12:51 Horse Collar
21:49 Bow Saw
22:51 Gold Mining
23:49 Wheelbarrow
25:23 Heavy Plow
25:24 Stone Mining
29:14 Imperial Age
26:37 Loom
26:39 Town Watch
27:43 Gold Shaft Mining
27:42 Squires
29:25 Ballistics
28:57 Fletching
30:18 Conscription
30:40 Bodkin Arrow
30:10 Elite Longbowman
32:02 Chemistry
32:39 Bracer
33:24 Siege Engineers
34:51 Padded Archer Armor
34:47 Pikeman
35:55 Leather Archer Armor
35:41 Scale Mail Armor
37:35 Halberdier
38:55 Chain Mail Armor
38:51 Forging
40:06 Plate Mail Armor
40:12 Iron Casting
42:03 Blast Furnace
41:34 Ring Archer Armor
44:35 Coinage
Nghtly
8:44 Loom
10:46 Feudal Age
15:44 Castle Age
14:06 Horse Collar
14:46 Double-Bit Axe
17:01 Heavy Plow
17:27 Bow Saw
27:35 Imperial Age
27:10 Chemistry
27:06 Wheelbarrow
26:16 Town Watch
26:10 Pikeman
30:45 Hand Cart
30:15 Town Watch
31:51 Two-Man Saw
31:44 Forging
33:28 Iron Casting
32:54 Scale Mail Armor
33:37 Ballistics
33:27 Fortified Wall
33:31 Houfnice
34:39 Squires
35:41 Blast Furnace
34:56 Chain Mail Armor
35:07 Halberdier
35:34 Arson
36:47 Plate Mail Armor
36:50 Siege Engineers
36:56 Masonry
38:43 Conscription
38:31 Wagenburg Tactics
41:50 Caravan
45:27 Fletching
45:37 Padded Archer Armor
Connection lost

Rejoining the realm…

Still unreachable

The connection could not be restored.

Session expired

The server has moved on; the page needs a fresh start.